 Dungeon Sprint DCSS version 0.23-a0-396-g5214e5f (webtiles) character file.

18900000 namelastname112 the Intangible (level 27, -88/290 (298) HPs)
             Began as a Deep Dwarf Monk on Nov 2, 2018.
             Was the Champion of Makhleb.
             Annihilated by a sculptor of flesh
             ... wielding a +9 great sword
              (157 damage)
             ... in the Dungeon (Sprint VIII: "Arena of Blood").
             The game lasted 00:04:22 (189 turns).

namelastname112 the Intangible (Deep Dwarf Monk)     Turns: 189, Time: 00:04:23

HP:   -88/290 (298) AC:  4    Str: 15    XL:     27
MP:   54/54         EV: 37    Int: 15    God:    Makhleb [******]
Gold: 0             SH:  0    Dex: 24    Spells: 80/80 levels left

rFire    . . .     SeeInvis .   j - +∞ Axe of Woe
rCold    . . .     Gourm    .   (shield currently unavailable)
rNeg     + . .     Faith    .   b - +0 robe
rPois    .         Spirit   .   (no helmet)
rElec    .         Reflect  .   (no cloak)
rCorr    .         Harm     .   (no gloves)
MR       ++++.     NoTele   +   (no boots)
Stlth    +++++++++.             (no amulet)
HPRegen  0.00/turn              (no ring)
MPRegen  0.34/turn              (no ring)

@: lethally poisoned (-88 -> -88), non-regenerating
A: damage resistance, heal wounds, negative energy resistance 1, sense
surroundings 3, no regeneration
a: Heal Wounds, Minor Destruction, Lesser Servant of Makhleb, Major Destruction,
Greater Servant of Makhleb, Renounce Religion


You were in the Dungeon.
You worshipped Makhleb.
Makhleb was exalted by your worship.
You were not hungry.

You visited 1 branch

Inventory:

Hand Weapons
 a - a +0 short sword
 j - the +∞ Axe of Woe (weapon)
   (You found it in the Dungeon)
Armour
 b - a +0 robe (worn)
Scrolls
 i - a scroll of blinking
Potions
 d - a potion of curing
 e - a potion of heal wounds
 f - a potion of haste
 g - 2 potions of magic
 h - a potion of berserk rage
Comestibles
 c - a ration


   Skills:
 O Level 27 Fighting
 O Level 27 Short Blades
 O Level 27 Axes
 O Level 27 Throwing
 O Level 27 Armour
 O Level 27 Dodging
 O Level 27 Stealth
 O Level 27 Unarmed Combat
 O Level 27 Spellcasting
 O Level 27 Invocations


You had 80 spell levels left.
You didn't know any spells.
Your spell library was empty.

Dungeon Overview and Level Annotations

Branches:
Dungeon (1/1)

Altars:
Makhleb

Annotations:
D The Meatlord


Innate Abilities, Weirdness & Mutations

You are resistant to damage.
You can heal yourself by infusing magical energy.
You resist negative energy. (rN+)
You passively map a large area around you.
You do not regenerate.


Message History

The eight-headed meat hydra calls on the powers of darkness!
The eight-headed meat hydra convulses!
The scourge convulses!
The bag of meat convulses!
Your body is wracked with pain!
You hear a shout! x2
You take 48 damage, and have 90/290 hp. 3 orcs and a hell knight come into view.
You are engulfed in blazing flames.
* * * LOW HITPOINT WARNING * * *
You hear a shout!
You hear a roar!
You hear a shout! x3
You feel something staring at you. Something smites you!
* * * LOW HITPOINT WARNING * * *
The scourge throws poison arrow at you.
The poison arrow hits something.
Something hits you.
Deactivating autopickup; reactivate with Ctrl-A.
You hear a shout!
The sculptor of flesh is engulfed in blazing flames.
The sculptor of flesh hits you with a +9 great sword!!!!!
Ouch! That really hurt!
You die... , , , ,......o.. , ,#.W....V# , , , zL,

,#..o ..o# , ., ,
..L###.%. ...###..
,o1o{..%W###......,
, **, , ,
#1o&%.)))_.%.... , ,
, , , , o #)2).{#
,,* , , * o,,
#§§<)_# , . , ** ,
,..o.#@o)%)#.... * *
, #.....z§)_).{..W..
, ,
,.......o###.......,
,, ,,o..###..D
..%###.., , , ,, po
#.S. ...# , . ,
#.......# , ,
......... , , ,
,..........., ,, , ,
,,,, , , ,, ,,,


You could see a reaper, an eight-headed meat hydra, a scourge, a fleshlord, a
sculptor of flesh, 2 dreads and 6 bags of meat.

Vanquished Creatures
  5 hell knights (D)
  Sigmund (D)
  14 hell beasts (D)
  Edmund (D)
  10 greater mummies (D)
  12 great orbs of eyes (D)
  6 wraiths (D)
  17 vampire knights (D)
  41 ogres (D)
  5 two-headed ogres (D)
  6 liches (D)
  4 hydras (D)
  69 orcs (D)
  9 phantoms (D)
  9 skeletal warriors (D)
  3 sea snakes (D)
  11 large abominations (D)
  10 small abominations (D)
  12 crawling corpses (D)
245 creatures vanquished.

Vanquished Creatures (others)
  An ogre (D)
  A hydra (D)
  4 crawling corpses (D)
6 creatures vanquished.

Grand Total: 251 creatures vanquished

Notes
Turn   | Place    | Note
-------+----------+-------------------------------------------
     0 | D        | Found the +∞ Axe of Woe
     0 | D        | namelastname112 the Deep Dwarf Monk began the quest for the
                  | Orb.
     0 | D        | Reached XP level 1. HP: 20/20 MP: 1/1
     3 | D        | Noticed a bag of meat
     4 | D        | Became a worshipper of Makhleb the Destroyer
     4 | D        | Reached * piety under Makhleb
     4 | D        | Reached ** piety under Makhleb
     4 | D        | Noticed a bag of meat
     8 | D        | Noticed a meat berserker
     8 | D        | Noticed a bag of meat
    10 | D        | Killed a meat berserker
    10 | D        | Reached skill level 5 in Axes
    10 | D        | Reached skill level 10 in Stealth
    10 | D        | Reached XP level 2. HP: 56/56 MP: 2/2
    10 | D        | Reached XP level 3. HP: 63/63 MP: 3/3
    10 | D        | Reached XP level 4. HP: 73/73 MP: 4/4
    10 | D        | Reached XP level 5. HP: 80/80 MP: 5/5
    10 | D        | Reached XP level 6. HP: 88/88 MP: 6/6
    10 | D        | Reached XP level 7. HP: 96/96 MP: 7/7
    10 | D        | Reached XP level 8. HP: 105/105 MP: 8/8
    10 | D        | Gained mutation: You passively map the area around you.
                  | [Deep Dwarf growth]
    10 | D        | Reached XP level 9. HP: 112/112 MP: 9/9
    10 | D        | Reached XP level 10. HP: 121/121 MP: 10/10
    10 | D        | Reached XP level 11. HP: 128/128 MP: 11/11
    10 | D        | Reached XP level 12. HP: 138/138 MP: 12/12
    10 | D        | Reached XP level 13. HP: 145/145 MP: 13/13
    10 | D        | Killed a bag of meat
    10 | D        | Noticed a meat berserker
    11 | D        | Killed a bag of meat
    11 | D        | Gained mutation: You resist negative energy. (rN+) [Deep
                  | Dwarf growth]
    11 | D        | Reached XP level 14. HP: 147/162 MP: 14/14
    11 | D        | Noticed a bag of meat
    12 | D        | Noticed a bag of meat
    12 | D        | Noticed a bag of meat
    12 | D        | Noticed a meat berserker
    13 | D        | Killed a meat berserker
    13 | D        | Reached *** piety under Makhleb
    13 | D        | Reached skill level 10 in Axes
    13 | D        | Reached XP level 15. HP: 172/175 MP: 15/15
    15 | D        | Noticed a meat berserker
    16 | D        | Noticed a meat berserker
    16 | D        | Noticed a meat berserker
    17 | D        | Killed a meat berserker
    17 | D        | Reached **** piety under Makhleb
    17 | D        | Reached skill level 27 in Dodging
    17 | D        | Reached XP level 16. HP: 193/193 MP: 16/16
    17 | D        | Reached skill level 15 in Axes
    17 | D        | Reached skill level 15 in Stealth
    18 | D        | Killed a meat berserker
    18 | D        | Reached skill level 27 in Fighting
    18 | D        | Reached XP level 17. HP: 208/208 MP: 17/17
    18 | D        | Reached ***** piety under Makhleb
    18 | D        | Reached skill level 27 in Short Blades
    18 | D        | Noticed a meat berserker
    18 | D        | Noticed a meat berserker
    18 | D        | Noticed a large bag of meat
    19 | D        | Killed a meat berserker
    19 | D        | Gained mutation: You passively map a large area around you.
                  | [Deep Dwarf growth]
    19 | D        | Reached XP level 18. HP: 218/218 MP: 18/18
    19 | D        | Reached skill level 27 in Axes
    19 | D        | Noticed a meat berserker
    20 | D        | Killed a meat berserker
    20 | D        | Reached skill level 27 in Stealth
    20 | D        | Killed a meat berserker
    20 | D        | Reached skill level 10 in Spellcasting
    20 | D        | Reached skill level 15 in Invocations
    20 | D        | Reached XP level 19. HP: 226/226 MP: 18/33
    20 | D        | Reached skill level 15 in Armour
    20 | D        | Noticed a meat berserker
    21 | D        | Noticed a destroyer
    22 | D        | Killed a meat berserker
    22 | D        | Reached XP level 20. HP: 236/236 MP: 18/38
    22 | D        | Reached ****** piety under Makhleb
    22 | D        | Reached skill level 15 in Spellcasting
    23 | D        | Killed a large bag of meat
    23 | D        | Noticed a meat berserker
    25 | D        | Killed a meat berserker
    26 | D        | Reached XP level 21. HP: 244/244 MP: 19/44
    27 | D        | Reached skill level 27 in Invocations
    30 | D        | Reached skill level 27 in Armour
    32 | D        | Killed a destroyer
    32 | D        | Reached XP level 22. HP: 254/254 MP: 20/50
    34 | D        | Reached skill level 27 in Throwing
    34 | D        | Reached skill level 27 in Unarmed Combat
    36 | D        | Reached skill level 27 in Spellcasting
    39 | D        | Noticed a destroyer
    40 | D        | Reached XP level 23. HP: 262/262 MP: 22/54
    45 | D        | Killed a destroyer
    46 | D        | Reached XP level 24. HP: 272/272 MP: 24/54
    46 | D        | Noticed an accursed
    46 | D        | Noticed an accursed
    54 | D        | Noticed an accursed
    57 | D        | Killed an accursed
    57 | D        | Reached XP level 25. HP: 277/277 MP: 27/54
    58 | D        | Noticed a dread
    58 | D        | Noticed The Captor
    60 | D        | Noticed a meat beast
    61 | D        | Killed an accursed
    61 | D        | Reached XP level 26. HP: 285/285 MP: 28/54
    62 | D        | Noticed a tyrant
    65 | D        | Killed a dread
    65 | D        | Killed a meat beast
    65 | D        | Reached XP level 27. HP: 277/293 MP: 29/54
    65 | D        | Killed an accursed
    66 | D        | Killed The Captor
    67 | D        | Noticed an accursed
    69 | D        | Noticed an accursed
    69 | D        | Noticed a destroyer
    70 | D        | Killed a tyrant
    71 | D        | Noticed a meat beast
    72 | D        | Killed a destroyer
    76 | D        | Killed a meat beast
    77 | D        | Killed an accursed
    78 | D        | Noticed a tyrant
    81 | D        | Killed an accursed
    82 | D        | Noticed a destroyer
    83 | D        | Noticed a destroyer
    83 | D        | Noticed a meat beast
    87 | D        | Killed a destroyer
    88 | D        | Killed a meat beast
    89 | D        | Killed a destroyer
    93 | D        | Noticed a tyrant
    95 | D        | Noticed a destroyer
    97 | D        | Noticed The Defiler
    98 | D        | Noticed a destroyer
    98 | D        | Noticed a dread
    98 | D        | Noticed a meat beast
    99 | D        | Noticed a meat beast
   102 | D        | Killed a destroyer
   102 | D        | Killed a meat beast
   103 | D        | Noticed a tyrant
   104 | D        | Killed The Defiler
   104 | D        | Noticed a large bag of meat
   106 | D        | Killed a meat beast
   107 | D        | Noticed an accursed
   108 | D        | Killed a dread
   108 | D        | Noticed a destroyer
   110 | D        | Noticed a meat beast
   111 | D        | Noticed a destroyer
   112 | D        | Noticed a dread
   113 | D        | Noticed a large bag of meat
   114 | D        | HP: 8/293 [meat berserker/+9 battleaxe (55)]
   116 | D        | Noticed a large bag of meat
   117 | D        | Killed a meat beast
   118 | D        | Noticed a destroyer
   119 | D        | Noticed a dread
   119 | D        | Noticed a fleshlord
   121 | D        | Killed a large bag of meat
   122 | D        | Killed a tyrant
   123 | D        | Killed a large bag of meat
   125 | D        | Killed a destroyer
   125 | D        | Killed a large bag of meat
   125 | D        | Noticed a meat beast
   128 | D        | Killed a destroyer
   128 | D        | Noticed a meat beast
   129 | D        | Killed a fleshlord
   129 | D        | Killed an accursed
   129 | D        | Killed a meat beast
   129 | D        | Killed a dread
   129 | D        | Noticed a dread
   129 | D        | Noticed a meat beast
   130 | D        | Killed a dread
   131 | D        | Killed a destroyer
   133 | D        | Noticed a meat beast
   133 | D        | Noticed a destroyer
   134 | D        | Killed a meat beast
   135 | D        | Killed a meat beast
   135 | D        | Noticed a fleshlord
   136 | D        | Killed a meat beast
   136 | D        | Noticed a meat beast
   136 | D        | Noticed a dread
   136 | D        | Noticed a fleshlord
   137 | D        | Killed a destroyer
   139 | D        | Killed a dread
   139 | D        | Noticed a destroyer
   140 | D        | namelastname112: 7%
   140 | D        | Killed a fleshlord
   140 | D        | Killed a meat beast
   140 | D        | Noticed an accursed
   140 | D        | Noticed a meat beast
   141 | D        | Killed a dread
   142 | D        | Noticed a destroyer
   142 | D        | Noticed an accursed
   142 | D        | Noticed a tyrant
   142 | D        | Noticed a meat beast
   142 | D        | Noticed a tyrant
   143 | D        | Noticed a meat beast
   143 | D        | Killed a destroyer
   144 | D        | Killed a meat beast
   145 | D        | TheNamelessOne: ?
   145 | D        | Killed a tyrant
   145 | D        | Noticed a dread
   146 | D        | Killed a meat beast
   146 | D        | namelastname112: слоу у геев этих
   146 | D        | namelastname112: 7%
   146 | D        | Noticed a tyrant
   146 | D        | Noticed an accursed
   148 | D        | Killed a destroyer
   149 | D        | Noticed The Meatlord
   150 | D        | Killed a fleshlord
   151 | D        | Killed a tyrant
   151 | D        | Noticed a dread
   152 | D        | Killed an accursed
   152 | D        | Noticed an accursed
   153 | D        | Killed a destroyer
   155 | D        | Killed an accursed
   157 | D        | Noticed a destroyer
   157 | D        | Noticed an accursed
   159 | D        | Killed an accursed
   161 | D        | Killed a meat beast
   161 | D        | Noticed a destroyer
   162 | D        | Killed a destroyer
   163 | D        | Killed a destroyer
   164 | D        | Killed a tyrant
   164 | D        | Noticed a destroyer
   167 | D        | Noticed a fleshlord
   168 | D        | Killed a tyrant
   170 | D        | Noticed a large bag of meat
   177 | D        | Killed a fleshlord
   177 | D        | Noticed a fleshlord
   178 | D        | Killed a destroyer
   180 | D        | Noticed a destroyer
   183 | D        | Killed a large bag of meat
   184 | D        | Killed an accursed
   186 | D        | Noticed a dread
   187 | D        | Killed a fleshlord
   187 | D        | Killed a destroyer
   189 | D        | Noticed a fleshlord
   189 | D        | Annihilated by a sculptor of flesh

Vault maps used:
D:        meatsprint

Skill      XL: |  1  2  3  4  5  6  7  8  9 10 11 12 13 14 15 16 17 18 19 20 21 22 |
---------------+-------------------------------------------------------------------+-----
Fighting       | 17 20 22 24 27 | 27.0
Short Blades   | 16 19 21 24 26 27 | 27.0
Axes           | 5 7 10 14 18 26 27 | 27.0
Dodging        | 19 22 24 27 | 27.0
Stealth        | 10 12 13 14 17 21 27 | 27.0
Throwing       | 11 16 20 26 27 | 27.0
Armour         | 13 18 23 27 | 27.0
Unarmed Combat | 11 16 20 26 27 | 27.0
Spellcasting   | 10 14 19 24 27 | 27.0
Invocations    | 15 21 26 27 | 27.0

Action                   |  1- 3 |  4- 6 |  7- 9 | 10-12 | 13-15 | 16-18 | 19-21 | 22-24 | 25-27 || total
-------------------------+-------+-------+-------+-------+-------+-------+-------+-------+-------++-------
Melee: Executioner's axe |     1 |       |       |       |     4 |     3 |    10 |    16 |   103 ||   137
Armor: Robe              |       |       |       |       |       |       |       |       |     1 ||     1
Dodge: Dodged            |       |       |       |       |     3 |     1 |       |     1 |    35 ||    40

Table legend:
 A = Non-vault XP
 B = Vault XP
 C = Vault XP percentage of total XP
 D = Non-vault monster count
 E = Vault monster count
 F = Vault count percentage of total count
                 A         B        C        D         E       F
            +---------+---------+-------+---------+---------+-------
      Total | 6620021 | 1024693 |  13.4 |     147 |      84 |  36.4
            +---------+---------+-------+---------+---------+-------
          D | 6620021 | 1024693 |  13.4 |     147 |      84 |  36.4
            +---------+---------+-------+---------+---------+-------
